 Dungeon Crawl Stone Soup version 0.28.0-53-g5a82cb258f (webtiles) character file.

Game seed: 1344983331574149094

527 issech the Chopper (level 7, -3/60 HPs)
             Began as a Minotaur Monk on June 25, 2022.
             Slain by Pikel
             ... wielding a +1 whip of electrocution
              (15 damage)
             ... on level 4 of the Dungeon.
             The game lasted 00:09:26 (3465 turns).

issech the Chopper (Minotaur Monk)                  Turns: 3465, Time: 00:09:28

Health: -3/60      AC: 10    Str: 15    XL:     7   Next: 3%
Magic:  6/6        EV:  8    Int:  7    God:
Gold:   159        SH:  0    Dex: 15    Spells: 6/6 levels left

rFire   . . .      SeeInvis .   v - +4 dagger (holy)
rCold   . . .      Faith    .   (no shield)
rNeg    . . .      Spirit   .   f - +0 chain mail
rPois   .          Reflect  .   (helmet restricted)
rElec   .          Harm     .   h - +0 cloak
rCorr   .          Rampage  .   (no gloves)
Will    .....                   (no boots)
Stlth   ..........              o - amulet of regeneration
HPRegen 1.00/turn               (no ring)
MPRegen 0.10/turn               (no ring)

@: no status effects
A: horns 2, retaliatory headbutt
a: no special abilities


You were on level 4 of the Dungeon.
You visited 1 branch of the dungeon, and saw 4 of its levels.

You collected 159 gold pieces.

Inventory:

Hand Weapons
 a - a +0 hand axe
 d - a +0 trident
 g - a +0 hunting sling
 v - a +4 dagger of holy wrath (weapon)
 x - a +0 war axe of draining
 B - a +0 hunting sling of flaming
Missiles
 e - 178 stones (quivered)
 i - 45 arrows
 l - 28 sling bullets
 y - 38 bolts
Armour
 b - a +0 robe
 f - a +0 chain mail (worn)
 h - a +0 cloak (worn)
 A - the +0 helmet of the Apprentice {rCorr}
   (You took it off Robin on level 4 of the Dungeon)

   rCorr:     It protects you from acid and corrosion.
Jewellery
 o - an amulet of regeneration (around neck)
 u - a +4 ring of evasion
Scrolls
 c - a scroll of torment {unknown}
 m - a scroll of identify {unknown}
 n - a scroll of blinking {unknown}
 p - a scroll of vulnerability {unknown}
 q - a scroll of teleportation {unknown}
 w - a scroll of fear {unknown}
Potions
 j - a potion of attraction {unknown}
 k - a potion of degeneration {unknown}
 r - a potion of invisibility {unknown}
 s - a potion of ambrosia {unknown}
 t - 2 potions of curing {unknown}
 z - a potion of brilliance {unknown}


   Skills:
 + Level 4.9 Fighting
 + Level 1.8 Short Blades
 + Level 5.5 Axes
 + Level 1.5 Slings
 + Level 4.8 Armour
 + Level 4.0 Dodging
 + Level 2.4 Stealth


You had 6 spell levels left.
You didn't know any spells.
Your spell library was empty.

Dungeon Overview and Level Annotations

Branches:
Dungeon (4/15)
 Temple: D:4-7

Altars:

Annotations:
D:4 Pikel


Innate Abilities, Weirdness & Mutations

You have a pair of horns on your head.
You reflexively headbutt those who attack you in melee.


Message History

You headbutt the lemure, but do no damage.
You hit the lemure.
The lemure convulses.
You headbutt the lemure. You punch the lemure, but do no damage.
The lemure is almost dead.
You hit the kobold but do no damage. You headbutt the kobold.
You kill the kobold!
The lemure hits you!
You puncture the lemure!
The lemure convulses!
The lemure is severely wounded.
The lemure completely misses you. You furiously retaliate!
You headbutt the lemure. The lemure hits you.
You hit the lemure but do no damage. You headbutt the lemure.
The lemure is almost dead.
The lemure hits you but does no damage. x2
You hit the lemure.
The lemure convulses.
You kill the lemure!
That felt strangely unrewarding.
You hit Pikel but do no damage. Your headbutt misses Pikel.
You barely miss Pikel.
Pikel hits you with a +1 whip of electrocution!
You hit Pikel but do no damage.
Pikel zaps a wand.
You resist with some effort.
You closely miss Pikel. Pikel barely misses you.
You barely miss Pikel.
Pikel hits you with a +1 whip of electrocution.
You hit Pikel but do no damage.
Pikel hits you with a +1 whip of electrocution.
You hit Pikel.
Pikel is lightly wounded.
Pikel hits you with a +1 whip of electrocution.
You barely miss Pikel. Your headbutt misses Pikel.
Pikel is lightly wounded.
Pikel hits you but does no damage.
You are electrocuted!
* * * LOW HITPOINT WARNING * * *
You hit Pikel. Your headbutt misses Pikel.
Pikel is lightly wounded.
Pikel waves his whip at you.
Pikel hits you with a +1 whip of electrocution.
* * * LOW HITPOINT WARNING * * *
You are electrocuted!
You die...

..........#..........
........
....#.....#..(.......
........
....#+#####..........
.#####+# .
.........#'##########.....#
.........#...#.....#......'
.........#...'.....#......#
.........#...#.....#......#
.........#...#.....#......#
........5K@..#.....##.....#
(((..(...##+###..))##.....#
..............#..).)....>.#
..............####)##.....#
....................#.....#
....................#.....'
....................#....รท#
....##+##...........#.....#
.... +...........#.....#


You could see Pikel and a lemure.

Vanquished Creatures
  Grinder (D:3)
  3 lemures (D:4)
  A scorpion (D:4)
  3 hounds
  An iguana (D:4)
  A killer bee zombie (D:3)
  Robin (D:4)
  3 adders
  An adder skeleton (D:4)
  3 worms
  2 dart slugs (D:1)
  5 orcs
  5 ball pythons
  4 bats
  9 endoplasms
  2 giant cockroaches
  15 goblins
  3 hobgoblins
  3 jackals (D:2)
  5 kobolds
  3 quokkas
  2 frilled lizards
  8 rats
84 creatures vanquished.

Vanquished Creatures (others)
  3 fungi (D:1)
  A plant (D:4)
4 creatures vanquished.

Grand Total: 88 creatures vanquished

Notes
Turn   | Place    | Note
-------+----------+-------------------------------------------
     0 | D:1      | issech the Minotaur Monk began the quest for the Orb.
     0 | D:1      | Reached XP level 1. HP: 19/19 MP: 0/0
   275 | D:1      | Reached XP level 2. HP: 27/27 MP: 1/1
   487 | D:1      | Reached skill level 4 in Axes
  1092 | D:2      | Reached XP level 3. HP: 12/33 MP: 2/2
  1485 | D:2      | Reached XP level 4. HP: 29/40 MP: 3/3
  1503 | D:2      | Reached skill level 1 in Armour
  1530 | D:2      | Found a faded altar of an unknown god.
  2099 | D:3      | Reached skill level 1 in Slings
  2425 | D:3      | Reached XP level 5. HP: 43/47 MP: 4/4
  2687 | D:3      | Noticed Grinder
  2719 | D:3      | Paralysed by Grinder for 2 turns
  2724 | D:3      | Paralysed by Grinder for 2 turns
  2727 | D:3      | Killed Grinder
  2728 | D:3      | Reached skill level 1 in Short Blades
  2728 | D:3      | Reached skill level 5 in Axes
  2728 | D:3      | Reached XP level 6. HP: 44/55 MP: 5/5
  3362 | D:4      | Identified the +0 helmet of the Apprentice {rCorr}
  3362 | D:4      | Noticed Robin
  3376 | D:4      | Reached XP level 7. HP: 60/60 MP: 6/6
  3381 | D:4      | Killed Robin
  3449 | D:4      | Noticed Pikel
  3465 | D:4      | Slain by Pikel

Illustrated notes

Levels and vault maps discovered:
D:1:      sevenhm_arrival_forest_fort_small_4, layout_basic,
          chequers_serial_rivers_micro_a, nrook_mini_vaults,
          kennysheep_small_spiral, minmay_shallow_snake_nest
D:2:      layout_loops_ring, dreamdust_ecumenical_altar_statues
D:3:      layout_basic, minmay_misc_feat_columns, kennysheep_nondescript,
          uniq_grinder
D:4:      layout_gridville, sigmund_edmund_badplayer, uniq_robin, uniq_pikel

Skill      XL: |  1  2  3  4  5  6 |
---------------+-------------------+-----
Fighting       | 4 |  4.9
Axes           | 4 5 |  5.5
Stealth        | 2 |  2.4
Armour         | 2 4 |  4.8
Slings         | 1 |  1.5
Short Blades   | 1 |  1.8
Dodging        | 4 |  4.0

Action                   |  1- 3 |  4- 6 |  7- 9 || total
-------------------------+-------+-------+-------++-------
Melee: Hand axe          |    74 |    48 |       ||   122
       Headbutt          |    12 |    26 |     9 ||    47
       Dagger            |       |    64 |    31 ||    95
       War axe           |       |     9 |     4 ||    13
       Punch             |       |       |     1 ||     1
 Fire: Hunting sling     |    11 |       |     7 ||    18
 Stab: Sleeping          |     3 |       |       ||     3
Armor: Chain mail        |    24 |    63 |    17 ||   104
       Robe              |     1 |       |       ||     1
Dodge: Dodged            |    33 |    38 |    14 ||    85
